 Dungeon Crawl Stone Soup version 0.30.0-11-gf55b779eaf (webtiles) character file.

Game seed: 15586508201486314382

21 Spectrina the Trooper (level 3, 0/30 HPs)
             Began as a Human Monk on May 16, 2023.
             Slain by a kobold
             ... wielding a +0 whip
              (2 damage)
             ... on level 3 of the Dungeon.
             The game lasted 00:02:06 (334 turns).

Spectrina the Trooper (Human Monk)                   Turns: 334, Time: 00:02:06

Health: 0/30       AC:  2    Str: 13    XL:     3   Next: 5%
Magic:  3/3        EV: 13    Int: 10    God:
Gold:   32         SH:  0    Dex: 15    Spells: 2/2 levels left

rFire   . . .        a - +0 mace
rCold   . . .        d - orb {light}
rNeg    . . .        b - +0 robe
rPois   .            (no helmet)
rElec   .            (no cloak)
rCorr   +            (no gloves)
SInv    .            (no boots)
Will    .....        (no amulet)
Stlth   +            c - ring of resist corrosion
HPRegen 0.25/turn    (no ring)
MPRegen 0.08/turn

%: no passive effects
@: glowing
A: no striking features
a: no special abilities


You were on level 3 of the Dungeon.
You visited 1 branch of the dungeon, and saw 4 of its levels.

You collected 32 gold pieces.

Inventory:

Hand Weapons
 a - a +0 mace (weapon)
Armour
 b - a +0 robe (worn)
 d - an orb of light (worn)
Magical Staves
 h - a staff of poison
Jewellery
 c - a ring of resist corrosion (left hand)
 g - an amulet of the acrobat
Scrolls
 f - a scroll of magic mapping {unknown}
 i - a scroll of silence {unknown}
Potions
 e - a potion of might {unknown}


   Skills:
 + Level 4.0 Fighting
 - Level 3.0 Maces & Flails
 - Level 3.0 Dodging


You had 2 spell levels left.
You didn't know any spells.
Your spell library contained the following spells:

 Spells                   Type           Power      Damage    Failure   Level
 Animate Dead             Necr           0%         N/A       98%         4
 Borgnjor's Vile Clutch   Necr/Erth      0%         N/A       100%        5
 Death Channel            Necr           0%         N/A       100%        6


Dungeon Overview and Level Annotations

Branches:
Dungeon (4/15)
 Temple: D:4-7

Altars:


Message History

Unknown command.
You see here a frilled lizard corpse.
Found a stone staircase leading down.
You open the door.
There is an open door here.
A kobold comes into view. It is wielding a +0 whip.
Found a leather armour.
There is a stone staircase leading down here.
You climb downwards.
There is a stone staircase leading up here.
You climb upwards.
The kobold throws a stone.
The stone misses you.
There is a stone staircase leading down here.
The kobold throws a stone.
The stone barely misses you.
You hit the kobold.
The kobold is heavily wounded.
The kobold closely misses you.
You barely miss the kobold.
The kobold is heavily wounded.
The kobold closely misses you.
You barely miss the kobold.
The kobold is heavily wounded.
The kobold hits you with a +0 whip.
You hit the kobold but do no damage.
The kobold is heavily wounded.
The kobold hits you with a +0 whip.
* * * LOW HITPOINT WARNING * * *
The kobold hits you with a +0 whip.
* * * LOW HITPOINT WARNING * * *
You closely miss the kobold.
The kobold is heavily wounded.
The kobold hits you with a +0 whip.
* * * LOW HITPOINT WARNING * * *
Unknown command.
You hit the kobold but do no damage.
The kobold is moderately wounded.
The kobold closely misses you.
You barely miss the kobold.
The kobold is moderately wounded.
The kobold hits you with a +0 whip.
You die...

.......
...[..# .
.....# ##.
..... ... ....
#.# ..#
..#..####K####
..##....@....#
.........#.#.#
.......>.'.#
.........###
.........#
.........##
..........# #
..#####...# .#
. #...##.####


You could see a kobold.

Vanquished Creatures
  An adder (D:2)
  2 bats
  An endoplasm (D:1)
  A giant cockroach (D:1)
  3 kobolds (D:1)
  2 quokkas
  2 frilled lizards
12 creatures vanquished.

Notes
Turn   | Place    | Note
-------+----------+-------------------------------------------
     0 | D:1      | Spectrina the Human Monk began the quest for the Orb.
     0 | D:1      | Reached XP level 1. HP: 18/18 MP: 1/1
    54 | D:1      | Reached XP level 2. HP: 17/24 MP: 2/2
   291 | D:2      | Reached skill level 4 in Fighting
   291 | D:2      | Reached XP level 3. HP: 15/30 MP: 3/3
   332 | D:3      | HP: 1/30 [kobold/+0 whip (2)]
   334 | D:3      | Slain by a kobold

Illustrated notes

Levels and vault maps discovered:
D:1:      eino_arrival_water_cross, layout_basic,
          minmay_misc_feat_secret_circle, minmay_octomino_e4
D:2:      layout_basic, interstate_on_off, hex_tiny, uniq_terence
D:3:      layout_basic, grunt_temple_overflow_open,
          mainiacjoe_overflow_surrounded_room,
          hellmonk_ecumenical_altar_slurped_away, ebering_ghost_sewer_d,
          kennysheep_generic_room_8
D:4:      layout_basic, kennysheep_little_box, kiku_gazebo_pond_becter,
          minmay_temple_entry_ruins, corexii_corridor_pit

Skill      XL: |  1  2 |
---------------+-------+-----
Fighting       | 4 |  4.0
Maces & Flails | |  3.0
Dodging        | |  3.0

Action                     || total
---------------------------++-------
  Melee: Mace              ||    50
    Use: Potion            ||     1
 Armour: Robe              ||    10
  Dodge: Dodged            ||    32
